 Dungeon Crawl Stone Soup version 0.27-a0-860-gaf99fae3ca (webtiles) character file.

Game seed: 1665938506474170819

113 jasper the Sneak (level 4, -3/49 HPs)
             Began as a Demonspawn Wanderer on Apr 1, 2021.
             Was an Initiate of Ashenzari.
             Slain by an ice beast (4 damage)
             ... on level 3 of the Dungeon.
             The game lasted 00:05:37 (3479 turns).

jasper the Sneak (Demonspawn Wanderer)              Turns: 3479, Time: 00:05:38

Health: -3/49      AC: 22    Str:  9    XL:     4   Next: 65%
Magic:  4/4        EV:  2    Int: 13    God:    Ashenzari [......]
Gold:   61         SH:  0    Dex: 17    Spells: 3/3 levels left

rFire    + . .     SeeInvis .   i - +0 quick blade
rCold    + . .     Faith    .   (no shield)
rNeg     + + +     Spirit   .   (armour currently unavailable)
rPois    +         Reflect  .   (helmet currently unavailable)
rElec    +         Harm     .   (cloak currently unavailable)
rCorr    +         Rampage  .   (gloves currently unavailable)
Will     .....     NoTele   +   (boots currently unavailable)
Stlth    +++.......             (no amulet)
HPRegen  0.16/turn              j - ring of resist corrosion
MPRegen  0.09/turn              (no ring)

@: tree-form, resistant
A: stationary, stasis, torment immunity, boosted hp, powered by death 1, (spiny
1)
a: Renounce Religion, Shatter the Chains


You were on level 3 of the Dungeon.
You worshipped Ashenzari.
Ashenzari was noncommittal.
You were a tree.
You visited 1 branch of the dungeon, and saw 3 of its levels.

You collected 61 gold pieces.

Inventory:

Hand Weapons
 a - a +0 falchion
 d - a +0 dagger
 i - a +0 quick blade (weapon)
Missiles
 k - 11 poisoned darts (quivered)
Armour
 b - the cursed +2 leather armour "Bound Ethics" (melded) {Bglg, Cun}

   It has a curse which improves the following skills: Beguiling: Conjurations,
   Hexes and Translocations.
   Cunning:   Dodging and Stealth.
Jewellery
 g - a ring of fire
 j - a ring of resist corrosion (left branch)
Scrolls
 m - a scroll of enchant weapon
Potions
 c - a potion of lignification
 e - a potion of cancellation
 f - a potion of degeneration
 h - 3 potions of flight


   Skills:
 + Level 1.8 Fighting
 * Level 2.1(2.2) Short Blades
 - Level 0.5(1.4) Long Blades
 - Level 1.0 Polearms
 + Level 1.4 Armour
 + Level 2.5 Dodging
 - Level 4.5 Stealth
 - Level 1.7 Unarmed Combat


You had 3 spell levels left.
You didn't know any spells.
Your spell library was empty.

Dungeon Overview and Level Annotations

Branches:
Dungeon (3/15)

Altars:
Ashenzari


Innate Abilities, Weirdness & Mutations

You are a tree.
Your roots penetrate the ground, keeping you stationary.
You cannot be teleported.
You are immune to unholy pain and torment.
Your maximum health is greatly increased.
Your equipment is partially melded.
You regenerate a little health from kills.
((You are partially covered in sharp spines.))


Message History

You hit the ice beast.
The ice beast is moderately wounded.
The ice beast hits you but does no damage.
Okay, then.
You feel protected. The ice beast hits you. The ice beast freezes you.
You resist.
* * * LOW HITPOINT WARNING * * *
You take 6 damage, and have 14/49 hp.
You aren't carrying any items that you can evoke.
Okay, then.
Okay, then.
You hit the ice beast.
The ice beast is moderately wounded.
You hit the ice beast but do no damage.
The ice beast is moderately wounded.
The ice beast hits you but does no damage.
You hit the ice beast but do no damage.
The ice beast is moderately wounded.
You hit the ice beast.
The ice beast is moderately wounded.
The ice beast hits you.
* * * LOW HITPOINT WARNING * * *
The ice beast freezes you. You resist.
* * * LOW HITPOINT WARNING * * *
You take 4 damage, and have 11/49 hp.
You closely miss the ice beast.
The ice beast is moderately wounded.
The ice beast hits you.
* * * LOW HITPOINT WARNING * * *
The ice beast freezes you. You resist.
* * * LOW HITPOINT WARNING * * *
You take 8 damage, and have 3/49 hp.
You hit the ice beast.
The ice beast is moderately wounded.
You closely miss the ice beast.
The ice beast is moderately wounded.
The ice beast hits you.
* * * LOW HITPOINT WARNING * * *
The ice beast freezes you. You resist.
You die...

###. .. #.# #. .. #
#.# #. . . ... ##.
#.#.# .... #.... Y..#
#.#.#
#.#.###..###.#.#####
#...................
#..♣.........#.#....
#####Y####.###.#.#....
#......###.###..##....
#...............##....
#......†.†.......'....
#...........###+##....
#..........$.... #....
#................#....
#...............>#####


You could see an ice beast.

Vanquished Creatures
  A gnoll (D:3)
  4 adders
  A worm (D:2)
  An orc (D:3)
  7 ball pythons
  5 bats
  5 endoplasms
  6 goblins
  8 hobgoblins
  5 jackals
  2 quokkas
  2 frilled lizards
  6 kobolds
  6 rats
59 creatures vanquished.

Notes
Turn   | Place    | Note
-------+----------+-------------------------------------------
     0 | D:1      | jasper the Demonspawn Wanderer began the quest for the Orb.
     0 | D:1      | jasper set off with the following items: a +0 falchion, a
                  | +2 leather armour, a potion of lignification, a +0 dagger
     0 | D:1      | Reached XP level 1. HP: 13/13 MP: 1/1
   302 | D:1      | Gained mutation: You regenerate a little health from kills.
                  | [demonic ancestry]
   302 | D:1      | Reached XP level 2. HP: 16/20 MP: 2/2
   959 | D:1      | Reached skill level 1 in Short Blades
  1150 | D:2      | Reached skill level 1 in Fighting
  1173 | D:2      | Reached XP level 3. HP: 21/26 MP: 3/3
  1176 | D:2      | Found a faded altar of an unknown god.
  1516 | D:2      | Reached skill level 1 in Armour
  2119 | D:2      | Found a broken altar of Ashenzari.
  2241 | D:2      | Became a worshipper of Ashenzari the Shackled
  2681 | D:3      | Gained mutation: You are partially covered in sharp spines.
                  | [demonic ancestry]
  2681 | D:3      | Reached XP level 4. HP: 31/32 MP: 4/4
  2972 | D:3      | Noticed a gnoll sergeant
  3439 | D:3      | Noticed an ice beast
  3479 | D:3      | HP: 1/49 [ice beast (2)]
  3479 | D:3      | Slain by an ice beast

Illustrated notes

Levels and vault maps discovered:
D:1:      evilmike_arrival_crescent, layout_basic, minmay_tromino_v7
D:2:      layout_loops_ring, basic_ecumenical_altar, basic_altar
D:3:      layout_basic, uniq_crazy_yiuf_cottage, uniq_terence

Skill      XL: |  1  2  3  4 |
---------------+-------------+-----
Dodging        | 2 |  2.5
Short Blades   | 1 2 |  2.1
Fighting       | 1 |  1.8
Armour         | 1 |  1.4
Long Blades    | |  0.5
Polearms       | |  1.0
Stealth        | |  4.5
Unarmed Combat | |  1.7

Action                   |  1- 3 |  4- 6 || total
-------------------------+-------+-------++-------
Melee: Quick blade       |   254 |    52 ||   306
       Falchion          |    14 |       ||    14
       Punch             |     3 |       ||     3
Throw: Dart              |    15 |    24 ||    39
Invok: Curse Item        |       |     1 ||     1
Evoke: Wand              |       |     5 ||     5
  Use: Scroll            |     5 |     1 ||     6
       Potion            |       |     2 ||     2
 Stab: Sleeping          |     5 |       ||     5
Armor: Leather armour    |    68 |     2 ||    70
       Skin              |       |     6 ||     6
Dodge: Dodged            |   132 |    18 ||   150
       Rpst.: Falchion   |     9 |       ||     9

Table legend: (Time is in decaauts)
 A = Elapsed time spent in this place.
 B = Non-inter-level travel time spent in this place.
 C = Inter-level travel time spent in this place.
 D = Time resting spent in this place.
 E = Time spent auto-exploring this place.
 F = Levels seen in this place.
 G = Mean time per level.
                   A        B        C        D        E       F      G
               +--------+--------+--------+--------+--------+-----+--------+
         Total |   3374 |   3313 |     61 |   1231 |   1358 |   3 | 1124.7 |
       Dungeon |   3374 |   3313 |     61 |   1231 |   1358 |   3 | 1124.7 |
               +--------+--------+--------+--------+--------+-----+--------+

Top non-repeatable levels by time:
     D:2: 1552 daAuts
     D:1: 1250 daAuts
     D:3: 571 daAuts
